 Dungeon Crawl Stone Soup version 0.30-b1-2-g02819fbbbe (webtiles) character file.

Game seed: 8186397938787962629

57885 erloom the Black Belt (level 14, -4/121 HPs)
             Began as a Green Draconian Transmuter on May 20, 2023.
             Was a High Priest of Makhleb.
             Slain by an orc warrior
             ... wielding a +0 trident
              (13 damage)
             ... while paralysed by an orc sorcerer
             ... on level 1 of the Orcish Mines.
             The game lasted 01:00:22 (20723 turns).

erloom the Black Belt (Green Draconian Transmuter) Turns: 20723, Time: 01:00:23

Health: -4/121     AC: 13    Str: 13    XL:     14   Next: 47%
Magic:  24/26      EV:  2    Int: 16    God:    Makhleb [*****.]
Gold:   1912       SH:  0    Dex: 14    Spells: 21/29 levels left

rFire   . .          .
                       - Unarmed
rCold   . . .        (no shield)
rNeg    . . .        (body armour unavailable)
rPois   +            C - +0 hat
rElec   .            W - +2 cloak
rCorr   .            H - +0 pair of gloves
SInv    .            h - +0 pair of boots
Will    +....        b - amulet of the acrobat
Stlth   +            d - +5 ring of evasion
HPRegen 0.40/turn    o - +5 ring of evasion
MPRegen 0.20/turn

%: acrobat
@: paralysed, studying Dodging
A: breathe noxious fumes, AC +8, unfitting armour, stinger 1, poison resistance,
cold-blooded
a: Breathe Noxious Fumes, Renounce Religion, Minor Destruction, Lesser Servant
of Makhleb, Major Destruction, Greater Servant of Makhleb


You were on level 1 of the Orcish Mines.
You worshipped Makhleb.
Makhleb was extremely pleased with you.
You visited 3 branches of the dungeon, and saw 16 of its levels.
You also visited: Sewer and Ice Cave.

You collected 1961 gold pieces.
You spent 49 gold pieces at shops.

Inventory:

Missiles
 F - 4 throwing nets
Armour
 h - a +0 pair of boots (worn)
 C - a +0 hat (worn)
 H - a +0 pair of gloves (worn)
 I - a +0 kite shield
 W - a +2 cloak (worn)
Jewellery
 b - an amulet of the acrobat (around neck)
 d - a +5 ring of evasion (left hand)
 o - a +5 ring of evasion (right hand)
 x - the ring of Urivvai {rPois rCorr Int+2 SInv}
   (You took it off a kobold brigand on level 10 of the Dungeon)

   [ring of poison resistance]

   Int:       It affects your intelligence (+2).
   rPois:     It protects you from poison.
   SInv:      It lets you see invisible.
   rCorr:     It protects you from acid and corrosion.
 B - a +6 ring of intelligence
 D - a ring of willpower
 E - the amulet of the Genius {Reflect rCorr SH+5}
   (You took it off a tengu conjurer on level 10 of the Dungeon)

   [amulet of reflection]

   It reflects blocked missile attacks.
   rCorr:     It protects you from acid and corrosion.
   SH:        It affects your SH (+5).
 P - a ring of protection from cold
 Q - an amulet of reflection
 Z - a ring of magical power
Wands
 c - a wand of paralysis (22)
 j - a wand of flame (15)
 k - a wand of acid (1)
 J - a wand of mindburst (12)
 L - a wand of polymorph (8)
 T - a wand of roots (3)
 Y - a wand of digging (2)
Scrolls
 g - 8 scrolls of noise {unknown}
 i - a scroll of amnesia
 m - 6 scrolls of fear {unknown}
 n - 7 scrolls of enchant armour {unknown}
 s - 5 scrolls of enchant weapon
 u - a scroll of magic mapping
 y - 2 scrolls of immolation
 z - a scroll of blinking
 M - 3 scrolls of torment {unknown}
 R - 2 scrolls of fog {unknown}
 S - 2 scrolls of brand weapon {unknown}
 U - 2 scrolls of poison
 V - 7 scrolls of teleportation
Potions
 a - 4 potions of lignification
 e - 3 potions of attraction
 f - 6 potions of brilliance
 l - 2 potions of flight
 p - 5 potions of magic
 r - 2 potions of berserk rage {unknown}
 v - 2 potions of heal wounds {unknown}
 w - 3 potions of haste
 A - 4 potions of curing
 G - 4 potions of resistance {unknown}
 K - 2 potions of cancellation
 N - 2 potions of ambrosia
 O - 2 potions of might {unknown}
Miscellaneous
 q - a box of beasts
 X - a piece from Xom's chessboard (15/15)


   Skills:
 - Level 10.0 Fighting
 + Level 9.7 Dodging
 - Level 15.0 Unarmed Combat
 - Level 8.0 Spellcasting
 - Level 10.0 Transmutations
 - Level 6.0 Ice Magic
 - Level 5.0 Poison Magic
 - Level 8.0 Invocations
 - Level 5.0 Evocations


You had 21 spell levels left.
You knew the following spells:

 Your Spells              Type           Power      Damage    Failure   Level
a - Beastly Appendage     Tmut           76%        N/A       1%          1
b - Spider Form           Tmut/Pois      30%        N/A       1%          3
c - Ice Form              Ice/Tmut       32%        N/A       4%          4

Your spell library contained the following spells:

 Spells                   Type           Power      Damage    Failure   Level
 Wereblood                Tmut           38%        N/A       1%          2
 Passwall                 Tmut/Erth      18%        N/A       2%          2
 Hailstorm                Conj/Ice       16%        3d6       10%         3
 Apportation              Tloc           12%        N/A       11%         1
 Necrotise                Necr           24%        1d5       11%         1
 Sandblast                Erth           12%        2d6       11%         1
 Summon Small Mammal      Summ           24%        N/A       11%         1
 Alistair's Intoxication  Tmut/Pois      20%        N/A       14%         5
 Static Discharge         Conj/Air       12%        2-3/arc   17%         2
 Mephitic Cloud           Conj/Pois/Air  11%        N/A       17%         3
 Call Canine Familiar     Summ           6%         N/A       32%         3
 Stone Arrow              Conj/Erth      12%        3d7       32%         3
 Summon Guardian Golem    Hex/Summ       6%         N/A       32%         3
 Eringya's Noxious Bog    Tmut/Pois      15%        N/A       61%         6
 Anguish                  Hex/Necr       3%         N/A       73%         4
 Cause Fear               Hex            3%         N/A       73%         4
 Dispel Undead            Necr           6%         3d8       73%         4
 Fulminant Prism          Conj/Hex       3%         3d5       73%         4
 Leda's Liquefaction      Hex/Erth       3%         N/A       73%         4
 Borgnjor's Vile Clutch   Necr/Erth      3%         N/A       97%         5
 Silence                  Hex/Air        3%         N/A       97%         5
 Simulacrum               Ice/Necr       8%         N/A       99%         6
 Maxwell's Capacitive Co  Air            3%         ∞         100%        8


Dungeon Overview and Level Annotations

Branches:
Dungeon (10/15)            Temple (0/1) D:4            Lair (5/5) D:8
  Swamp (0/4) Lair:3       Spider (0/4) Lair:2        Slime (0/5) Lair:4
    Orc (1/2) D:10          Sewer (visited)           IceCv (visited)

Altars:
Ashenzari
Cheibriados
Dithmenos
Fedhas
Hepliaklqana
Makhleb
Ru
Sif Muna
Trog
Vehumet
Wu Jian
Xom
Jiyva
Lugonu

Shops:
D:5 [[(=   D:8 (   D:10 (

Portals:
Abyss: D:3 Lair:5

Annotations:
D:6 exclusion: statue
Lair:5 3 runed translucent doors, sanka's ghost, journeyman DgAE


Innate Abilities, Weirdness & Mutations

You can breathe blasts of noxious fumes.
Your lurid green scales are hard. (AC +8)
You cannot fit into any form of body armour.
Your tail ends in a venomous barb.
Your system is resistant to poisons. (rPois)
You are cold-blooded and may be slowed by cold attacks.


Message History

The orc warlord roars a battlecry!
The orcs go into a battle-frenzy!
Unknown command.
The orc warrior closely misses you. The orc warrior completely misses you.
The orc sorcerer gestures at you while chanting.
You suddenly lose the ability to move!
You stop ascending the stairs.
The orc warrior hits you from afar with a +0 trident!
The orc warrior hits you from afar with a +0 halberd.
The orc warrior hits you with a +0 battleaxe!!
An orc comes into view. It is wielding a +0 club.
An orc warrior comes into view. It is wielding a +0 scimitar.
The orc sorcerer hits you with a +0 dagger!
The orc warlord roars a battlecry!
The orc warrior goes into a battle-frenzy!
The orc warrior hits you from afar with a +0 trident!
The orc warrior unwields a +0 arbalest.
The orc warrior wields a +0 flail.
The orc warrior hits you with a +0 flail.
You hear a shout! x2
The ogre shouts!
The orc warrior hits you from afar with a +0 trident.
The orc warrior hits you from afar with a +0 halberd.
The orc sorcerer hits you but does no damage.
The orc warrior hits you from afar with a +0 trident!
The orc warrior hits you but does no damage. x3
An orc warrior comes into view. It is wielding a +0 long sword.
An orc comes into view. It is wielding a +0 hand axe.
The orc warrior completely misses you.
The orc warrior hits you from afar with a +0 trident.
The orc warrior hits you from afar with a +0 halberd!
* * * LOW HITPOINT WARNING * * *
The orc warrior hits you with a +0 battleaxe!
* * * LOW HITPOINT WARNING * * *
The orc warrior hits you with a +0 war axe!
* * * LOW HITPOINT WARNING * * *
The ogre hits you but does no damage.
An orc sorcerer comes into view. It is wielding a +0 dagger.
The orc warlord roars a battlecry!
The orc warriors go into a battle-frenzy!
The orc warrior hits you from afar with a +0 trident!
You die...

.. .....#.
..##.....# #..
.......... ......
.........# .......
.........##.......
.o........#.......
....o..o...#....$
..o..o.Oo......#..
..oOo.oo@.o.......
.#..o..oo...#.....
#.......oo.......
..#....##.....#...
# ##### ###.### .#
.. ..# ..#


You could see an orc warlord, 2 orc sorcerers, 9 orc warriors, 2 ogres, an orc
priest (strong) and 3 orcs.

Vanquished Creatures
  Gastronok (D:10)
  An orc warlord (D:10)
  The ghost of azuma420 the Severer, a journeyman HOFi of Okawaru (Lair:2)
  A hydra (Lair:5)
  An ogre mage (D:10)
  Erica (D:10)
  2 boulder beetles
  A dancing weapon (Lair:2)
  A two-headed ogre (D:10)
  15 death yaks
  A tengu warrior (D:10)
  A shock serpent (shapeshifter) (D:10)
  4 thrashing horrors (Lair:5)
  2 skysharks
  An orc knight (D:10)
  A wizard (D:10)
  Pikel (D:7)
  A cyclops (D:10)
  A manticore (D:10)
  4 ugly things
  An elephant (Lair:3)
  2 ice statues (IceCv)
  6 black mambas
  Joseph (D:10)
  2 smoke demons (Lair:5)
  A gargoyle (D:10)
  12 cane toads
  3 rime drakes
  4 kobold demonologists
  A tengu conjurer (D:10)
  8 komodo dragons
  2 ancient zymes (Lair:5)
  4 trolls (D:10)
  A tarantella (shapeshifter) (Lair:5)
  16 blink frogs
  2 hornets
  Prince Ribbit (D:5)
  A dream sheep (Lair:3)
  A centaur simulacrum (D:10)
  3 ynoxinuls (Lair:5)
  A spriggan (Lair:5)
  A large abomination (Lair:5)
  44 yaks
  A vampire (D:10)
  A wraith (D:10)
  2 wyverns
  6 basilisks (Lair:5)
  2 redbacks (Lair:2)
  2 vampire mosquitoes (D:10)
  2 chaos spawn (Lair:5)
  A death yak simulacrum (IceCv)
  9 water moccasins
  A warg (Orc:1)
  2 acid dragons (D:10)
  5 black bears
  An ice beast (D:7)
  4 orc warriors
  3 centaurs
  3 ogres
  7 wolves (Lair:2)
  4 lemures (D:6)
  3 phantoms
  A kobold brigand (D:10)
  7 bullfrogs
  A scorpion (D:5)
  2 gnoll sergeants
  8 small abominations (Lair:5)
  11 killer bees
  2 howler monkeys (D:9)
  A quasit (D:5)
  3 orc priests
  2 jellies
  A gnoll bouda (D:5)
  Crazy Yiuf (D:3)
  2 sleepcaps
  Jessica (D:3)
  Terence (D:3)
  5 iguanas
  12 orc wizards
  Robin (D:3)
  9 adders
  13 gnolls
  2 river rats (Sewer)
  A shadow imp (D:5)
  2 white imps (D:5)
  4 ufetubi
  4 dart slugs
  20 orcs
  10 endoplasms
  9 giant cockroaches
  11 goblins
  8 hobgoblins
  A jackal (D:1)
  2 quokkas
  9 ball pythons
  4 bats
  10 frilled lizards
  22 kobolds
  8 rats
430 creatures vanquished.

Vanquished Creatures (collateral kills)
  2 hydras (Lair:3)
  A cane toad (Lair:3)
  A freezing wraith (IceCv)
  A dire elephant simulacrum (IceCv)
  A water moccasin (Lair:3)
  A cane toad simulacrum (IceCv)
  An elephant simulacrum (IceCv)
8 creatures vanquished.

Vanquished Creatures (others)
  3 kobolds (D:10)
  8 demonic plants (D:5)
  18 fungi
  18 plants
47 creatures vanquished.

Grand Total: 485 creatures vanquished

Notes
Turn   | Place    | Note
-------+----------+-------------------------------------------
     0 | D:1      | erloom the Draconian Transmuter began the quest for the
                  | Orb.
     0 | D:1      | Reached XP level 1. HP: 16/16 MP: 3/3
   154 | D:1      | Reached XP level 2. HP: 16/23 MP: 5/5
   540 | D:1      | Reached skill level 4 in Unarmed Combat
   860 | D:1      | Reached XP level 3. HP: 26/28 MP: 6/6
  1073 | D:2      | Found a hazy altar of Hepliaklqana.
  1616 | D:3      | Reached XP level 4. HP: 35/35 MP: 5/7
  1624 | D:3      | Noticed Jessica
  1628 | D:3      | Reached skill level 5 in Unarmed Combat
  1665 | D:3      | Killed Jessica
  1842 | D:3      | Reached XP level 5. HP: 30/40 MP: 8/8
  1883 | D:3      | Noticed Terence
  1900 | D:3      | Killed Terence
  1901 | D:3      | Reached skill level 6 in Unarmed Combat
  1905 | D:3      | Learned a level 3 spell: Spider Form
  2059 | D:3      | Noticed Robin
  2101 | D:3      | Killed Robin
  2174 | D:3      | Found a large runed translucent door.
  2174 | D:3      | Found a large runed translucent door.
  2179 | D:3      | Found a corrupted altar of Lugonu.
  2368 | D:3      | Found a one-way gate to the infinite horrors of the Abyss.
  2447 | D:3      | Found a runed translucent door.
  2448 | D:3      | Noticed Crazy Yiuf
  2889 | D:4      | Noticed a black bear
  2960 | D:5      | Entered Level 5 of the Dungeon
  2977 | D:5      | Found a burning altar of Makhleb.
  2983 | D:5      | Became a worshipper of Makhleb the Destroyer
  3047 | D:5      | Reached skill level 1 in Poison Magic
  3272 | D:5      | Noticed a phantom
  3287 | D:5      | Killed a phantom
  3288 | D:5      | Reached XP level 6. HP: 44/47 MP: 8/10
  3341 | D:5      | Found a glowing drain.
  3376 | Sewer    | Entered a sewer
  3694 | Sewer    | Reached * piety under Makhleb
  3950 | D:5      | Your scales start taking on a lurid green colour.
  3950 | D:5      | Reached XP level 7. HP: 35/52 MP: 8/12
  3950 | D:5      | Gained mutation: Your system is resistant to poisons.
                  | (rPois) [Green Draconian growth]
  4041 | D:5      | Noticed a hornet
  4052 | D:5      | Killed a hornet
  4169 | D:4      | Found a blossoming altar of Fedhas.
  4216 | D:4      | Reached skill level 5 in Transmutations
  4269 | D:4      | Found a staircase to the Ecumenical Temple.
  4283 | D:4      | Identified the +1 dagger "Grim Tooth" {pain, Stlth+}
  4286 | D:4      | Got the Guidebook on Fumes and Bodies
  4523 | D:4      | Reached XP level 8. HP: 59/59 MP: 14/14
  4584 | D:4      | Found a snail-covered altar of Cheibriados.
  5055 | D:5      | Reached skill level 5 in Poison Magic
  5243 | D:5      | Noticed Prince Ribbit
  5260 | D:5      | Killed Prince Ribbit
  5261 | D:5      | Reached skill level 1 in Invocations
  5312 | D:5      | Found Boyckostet's Jewellery Boutique.
  5314 | D:5      | Found Kotomit's Armour Shoppe.
  5314 | D:5      | Found Wuolu's Armour Shoppe.
  5314 | D:5      | Found Yxalun's Antique Weapon Boutique.
  5318 | D:5      | Bought a +0 cloak for 49 gold pieces
  5793 | D:6      | Found a hazy altar of Hepliaklqana.
  6234 | D:6      | Reached ** piety under Makhleb
  6645 | D:6      | Found a radiant altar of Vehumet.
  6850 | D:7      | Noticed Pikel
  6909 | D:7      | Killed Pikel
  6910 | D:7      | Reached skill level 7 in Unarmed Combat
  6910 | D:7      | Reached XP level 9. HP: 49/69 MP: 12/15
  7005 | D:7      | Found a broken altar of Ashenzari.
  7012 | D:7      | Found a shimmering blue altar of Sif Muna.
  7150 | D:7      | Reached skill level 8 in Unarmed Combat
  7523 | D:7      | Found an ornate altar of the Wu Jian Council.
  7529 | D:7      | Learned a level 4 spell: Ice Form
  7687 | D:8      | Reached skill level 1 in Evocations
  7690 | D:8      | Found Vyseiwk's Antique Weapon Emporium.
  7793 | D:8      | Reached skill level 5 in Fighting
  7946 | D:8      | Found a staircase to the Lair.
  8097 | D:8      | Found a bloodstained altar of Trog.
  8137 | D:8      | Found a sacrificial altar of Ru.
  8443 | D:9      | Reached skill level 1 in Ice Magic
  8607 | D:9      | Reached XP level 10. HP: 78/83 MP: 14/16
  9102 | D:9      | Noticed a sun demon
  9136 | D:9      | Found a shadowy altar of Dithmenos.
  9199 | D:9      | Reached *** piety under Makhleb
  9345 | D:10     | Entered Level 10 of the Dungeon
  9389 | D:10     | Reached skill level 5 in Spellcasting
  9430 | D:10     | Noticed a sixfirhy
  9432 | D:10     | Noticed a manticore
  9436 | D:10     | Identified the +1 shortbow of the Wilderness {flame,
                  | *Corrode Fly Dex+2 Stlth+}
  9436 | D:10     | Noticed an orc knight
  9469 | D:10     | Noticed Gastronok
  9484 | D:10     | Noticed a tengu warrior
  9501 | D:10     | Killed a tengu warrior
  9502 | D:10     | Reached skill level 5 in Invocations
  9730 | D:10     | Noticed a two-headed ogre
  9754 | D:10     | Killed a manticore
  9768 | D:10     | Noticed a shock serpent
  9785 | D:10     | Killed a shock serpent
  9793 | D:10     | Killed Gastronok
  9794 | D:10     | Reached skill level 9 in Unarmed Combat
  9794 | D:10     | Reached XP level 11. HP: 49/89 MP: 11/20
 10033 | Lair:1   | Entered Level 1 of the Lair of Beasts
 10350 | Lair:1   | Noticed a boulder beetle
 10388 | Lair:1   | Killed a boulder beetle
 10587 | Lair:1   | Identified the +10 long sword of Armageddon {speed,
                  | *Corrode SInv Stlth+}
 11022 | Lair:1   | Reached skill level 5 in Ice Magic
 11054 | Lair:1   | Reached skill level 10 in Unarmed Combat
 11363 | Lair:2   | Found a runed translucent door.
 11365 | Lair:2   | Found a shimmering altar of Xom.
 11365 | Lair:2   | Noticed azuma420's ghost (journeyman HOFi)
 11365 | Lair:2   | Noticed a +7 long sword of chaos
 11524 | Lair:2   | Reached skill level 10 in Transmutations
 11657 | Lair:2   | Got the Vellum of the Barrage and Wicked Secrets
 11671 | Lair:2   | Reached skill level 11 in Unarmed Combat
 11839 | Lair:2   | Found a hole to the Spider Nest.
 12242 | Lair:3   | Noticed an eight-headed hydra
 12251 | Lair:3   | Killed an eight-headed hydra
 12396 | Lair:3   | Reached skill level 12 in Unarmed Combat
 12399 | Lair:3   | Found a staircase to the Swamp.
 12460 | Lair:3   | Found a frozen archway.
 12484 | Lair:3   | Reached **** piety under Makhleb
 12485 | Lair:3   | Reached XP level 12. HP: 96/96 MP: 18/21
 12505 | IceCv    | Entered an ice cave
 12522 | IceCv    | HP: 4/115 [freezing wraith (8)]
 12829 | IceCv    | Found a transporter.
 12837 | IceCv    | Found a transporter.
 13033 | IceCv    | Got Joimpo Wisyk's Book of Malisons
 13153 | Lair:3   | Noticed a five-headed hydra
 13170 | Lair:3   | Killed a five-headed hydra
 13411 | Lair:3   | Noticed a death yak
 13433 | Lair:3   | Killed a death yak
 13732 | Lair:3   | Noticed a four-headed hydra
 13732 | Lair:3   | Noticed an eight-headed hydra
 13813 | Lair:4   | Found a staircase to the Slime Pits.
 13937 | Lair:4   | Reached skill level 5 in Dodging
 14230 | Lair:4   | Noticed a boulder beetle
 14262 | Lair:4   | Killed a boulder beetle
 14871 | Lair:4   | You fall into a shaft and drop 1 floor!
 14871 | Lair:5   | Entered Level 5 of the Lair of Beasts
 14887 | Lair:5   | Reached skill level 5 in Evocations
 14913 | Lair:5   | Noticed a death yak
 14914 | Lair:5   | Noticed a death yak
 14914 | Lair:5   | Noticed a death yak
 14925 | Lair:5   | Noticed a death yak
 14928 | Lair:5   | Noticed a death yak
 14932 | Lair:5   | Noticed a death yak
 15024 | Lair:5   | Found a runed translucent gate.
 15024 | Lair:5   | Found a runed translucent gate.
 15024 | Lair:5   | Found a runed translucent gate.
 15048 | Lair:4   | Reached XP level 13. HP: 48/107 MP: 23/23
 15336 | Lair:5   | Noticed an azure jelly
 15336 | Lair:5   | Noticed an acid blob
 15336 | Lair:5   | Noticed an azure jelly
 15337 | Lair:5   | Noticed an acid blob
 15337 | Lair:5   | Noticed sanka's ghost (journeyman DgAE)
 15337 | Lair:5   | Noticed an azure jelly
 15337 | Lair:5   | Noticed an azure jelly
 15337 | Lair:5   | Noticed an azure jelly
 15384 | Lair:5   | Reached skill level 13 in Unarmed Combat
 16254 | Lair:5   | Found a viscous altar of Jiyva.
 16803 | Lair:5   | Reached skill level 14 in Unarmed Combat
 17909 | Lair:5   | Reached skill level 15 in Unarmed Combat
 18019 | Lair:5   | Gained mutation: Your tail ends in a venomous barb. [Green
                  | Draconian growth]
 18019 | Lair:5   | Reached XP level 14. HP: 89/116 MP: 22/26
 18054 | Lair:5   | Reached ***** piety under Makhleb
 18149 | Lair:5   | Found a corrupted altar of Lugonu.
 18170 | Lair:5   | Identified a scroll of acquirement
 18172 | Lair:5   | Acquired 848 gold pieces
 18245 | Lair:5   | Identified the +11 battleaxe of Megalomania {heavy, *Rage
                  | rElec Str+7}
 18430 | Lair:2   | Killed azuma420's ghost
 18651 | D:3      | Killed Crazy Yiuf
 18940 | D:10     | Found Yguozxoq's Antique Weapon Emporium.
 19038 | D:10     | Noticed Joseph
 19053 | D:10     | Killed Joseph
 19225 | D:10     | Found a staircase to the Orcish Mines.
 19476 | D:10     | Identified the amulet of the Genius {Reflect rCorr SH+5}
 19602 | D:10     | Identified the ring of Urivvai {rPois rCorr Int+2 SInv}
 19625 | D:10     | Reached skill level 10 in Fighting
 19872 | D:10     | Noticed Erica
 19883 | D:10     | Killed Erica
 20199 | Orc:1    | Entered Level 1 of the Orcish Mines
 20202 | Orc:1    | Noticed an orc warlord
 20597 | D:10     | Killed an orc warlord
 20717 | Orc:1    | Noticed an orc warlord
 20719 | Orc:1    | Paralysed by an orc sorcerer for 5 turns
 20723 | Orc:1    | Slain by an orc warrior

Illustrated notes

Levels and vault maps discovered:
D:1:      minmay_arrival_up_and_down, layout_basic, minmay_tetromino_t2
D:2:      layout_loops_ring, basic_altar, nicolae_elevator_lobby_plus
D:3:      due_chaos_kobolds, layout_rooms, kennysheep_generic_room_9,
          uniq_terence, uniq_crazy_yiuf_cottage, uniq_robin, uniq_jessica
D:4:      layout_cave_pools, mainiacjoe_overflow_brackets,
          kennysheep_slug_shrine, minmay_temple_entry_offerings
D:5:      layout_loops_corners, bloody_makhleb, portal_sewer_entry_a,
          serial_demonic, serial_demonic_e, serial_demonic_d, serial_demonic_g,
          serial_demonic_f, nicolae_wooded_promenade, uniq_prince_ribbit1
D:6:      layout_gridville, vehumet_statue, lemuel_coloured_pillars_altar
D:7:      layout_cave_pools, kennysheep_mini, general_overflow_altar,
          mainiacjoe_overflow_boulevard, uniq_pikel
D:8:      layout_loops_ring, kennysheep_little_box,
          nicolae_ru_sacrificial_ziggurat, lair_entry_dummy, serial_shops, shop
D:9:      layout_roguey, grunt_dithmenos_smoke
D:10:     minmay_the_grid_square_5x5_3x3 [minmay_the_grid_square_5x5_comb,
          minmay_the_grid_square_5x5_misaligned, minmay_the_grid_square_5x5_c,
          minmay_the_grid_square_5x5_shuriken,
          minmay_the_grid_square_5x5_megaprize_open,
          minmay_the_grid_square_5x5_gyroscope,
          minmay_the_grid_square_5x5_spiral_small,
          minmay_the_grid_square_5x5_checkered_statues,
          minmay_the_grid_square_5x5_minivault], layout_loops_corners,
          serial_shops, shop, uniq_erica, uniq_joseph, uniq_gastronok
Lair:1:   layout_regular_city
Lair:2:   layout_roguey, spider_nest_entry_webs, ebering_ghost_xom,
          minmay_hedge_maze, beast_lair_carwin_3
Lair:3:   layout_regular_city, minmay_swamp_entry_eels,
          portal_ice_cave_entry_pillars_1, minmay_shattered_shrine,
          grunt_megastairs_4
Lair:4:   layout_layer_cave, slime_entry_1, serial_bayou_shore_b
Lair:5:   hellmonk_lair_end_abyssal_woods, layout_layer_cave,
          gauntlet_entry_generic, gammafunk_ghost_ooze
Orc:1:    orc_temple, layout_caves

Skill      XL: |  1  2  3  4  5  6  7  8  9 10 11 12 13 14 |
---------------+-------------------------------------------+-----
Unarmed Combat | 4 5 6 7 8 9 12 15 | 15.0
Poison Magic   | 1 3 4 5 |  5.0
Transmutations | 3 5 7 9 10 | 10.0
Spellcasting   | 3 4 6 7 8 |  8.0
Invocations    | 4 5 8 |  8.0
Dodging        | 3 6 9 |  9.7
Fighting       | 3 6 8 10 | 10.0
Evocations     | 3 5 |  5.0
Ice Magic      | 1 4 5 6 |  6.0

Action                     |  1- 3 |  4- 6 |  7- 9 | 10-12 | 13-15 || total
---------------------------+-------+-------+-------+-------+-------++-------
  Melee: Unarmed           |   154 |   266 |   440 |   593 |   597 ||  2050
         Tailslap          |    17 |    23 |    35 |    51 |    49 ||   175
         Kick              |     3 |    20 |    15 |     9 |       ||    47
         Headbutt          |     3 |    11 |    10 |    11 |       ||    35
         Punch             |     1 |     9 |    17 |    13 |    24 ||    64
   Cast: Beastly Appendage |     2 |    15 |     6 |     7 |       ||    30
         Spider Form       |       |     1 |    16 |     7 |       ||    24
         Ice Form          |       |       |       |    27 |    28 ||    55
 Invoke: Minor Destruction |       |       |     1 |       |       ||     1
         Lesser Servant of |       |       |       |     7 |     6 ||    13
Ability: Breathe Noxious F |       |       |     3 |    11 |     4 ||    18
         End Transformatio |       |       |       |     2 |     5 ||     7
  Evoke: Wand              |       |     4 |       |    13 |     4 ||    21
    Use: Potion            |       |     2 |     1 |     5 |     2 ||    10
         Scroll            |       |     6 |     5 |    13 |     2 ||    26
   Stab: Sleeping          |     1 |     1 |       |       |       ||     2
         Confused          |       |       |     2 |     2 |       ||     4
         Distracted        |       |       |     1 |       |     1 ||     2
 Armour: Skin              |    38 |    56 |    51 |    89 |    75 ||   309
  Dodge: Dodged            |   123 |   256 |   424 |   584 |   511 ||  1898
